 Dungeon Crawl Stone Soup version 0.18.1-48-g4cf74bf (webtiles) character file.

380 Heedrag the Thaumaturge (level 6, 0/32 HPs)
             Began as a Deep Elf Conjurer on July 27, 2016.
             Slain by a phantom (9 damage)
             ... on level 3 of the Dungeon.
             The game lasted 00:12:41 (3613 turns).

Heedrag the Thaumaturge (Deep Elf Conjurer)         Turns: 3613, Time: 00:12:42

Health: 0/32       AC:  4    Str:  7    XL:     6   Next: 46%
Magic:  10/19      EV: 13    Int: 20    God:
Gold:   225        SH:  0    Dex: 15    Spells: 4 memorised, 8 levels left

rFire  . . .     SeeInvis .     h - +0 dagger
rCold  . . .     Gourm    .     f - +0 robe
rNeg   . . .     Faith    .     (no shield)
rPois  +         Spirit   .     q - +0 helmet
rElec  .         Dismiss  .     (no cloak)
rCorr  .         Reflect  .     (no gloves)
SustAt .         Harm     .     x - +0 pair of boots
MR     +....                    (no amulet)
Stlth  ++........               o - ring of poison resistance
                                p - ring of protection from magic

@: somewhat resistant to hostile enchantments, unstealthy
A: no striking features
a: no special abilities


You were on level 3 of the Dungeon.
You were very hungry.

You visited 1 branch of the dungeon, and saw 4 of its levels.

You collected 225 gold pieces.

Inventory:

Hand Weapons
 h - a +0 dagger (weapon)
Armour
 f - a +0 robe (worn)
 m - a +0 buckler
 q - a +0 helmet (worn)
 x - a +0 pair of boots (worn)
Jewellery
 i - an uncursed ring of resist corrosion
 o - a ring of poison resistance (right hand)
 p - a ring of protection from magic (left hand)
Scrolls
 a - a scroll of random uselessness {unknown}
 d - 2 scrolls of identify
 e - a scroll of magic mapping {unknown}
 g - a scroll of immolation {unknown}
 s - a scroll of noise {unknown}
 t - 2 scrolls of remove curse
 w - a scroll of enchant weapon {unknown}
Potions
 j - a potion of might
 k - a potion of agility {unknown}
 l - a potion of resistance {unknown}
 n - 2 potions of degeneration
 r - 3 potions of lignification
 u - 2 potions of cancellation {unknown}
 z - a potion of haste {unknown}
Books
 b - a book of Conjurations

   Spells                             Type                      Level
   a - Magic Dart                     Conjuration                  1
   b - Searing Ray                    Conjuration                  2
   c - Dazzling Spray                 Conjuration/Hexes            3
   d - Fulminant Prism                Conjuration/Hexes            4
   e - Iskenderun's Mystic Blast      Conjuration                  4
   f - Iskenderun's Battlesphere      Conjuration/Charms           5
Comestibles
 c - 5 bread rations


   Skills:
 - Level 2.4 Dodging
 - Level 2.4 Stealth
 + Level 8.1 Spellcasting
 * Level 5.8 Conjurations


You had 8 spell levels left.
You knew the following spells:

 Your Spells              Type           Power        Failure   Level  Hunger
a - Magic Dart            Conj           ####         1%          1    None
b - Dazzling Spray        Conj/Hex       ###...       10%         3    None
c - Iskenderun's Mystic   Conj           ####....     10%         4    ###....
d - Iskenderun's Battles  Conj/Chrm      ###.....     82%         5    #####..


Dungeon Overview and Level Annotations

Branches:
Dungeon (4/15)
 Temple: D:4-7

Altars:
Fedhas
Gozag
Kikubaaqudgha
Nemelex Xobeh
Qazlal

Shops:
D:4 =}*

Annotations:
D:3 Terence
D:4 Pikel


Message History

Tha magic dart hits tha phantom.
Tha phantom be severely damaged.
Castin': Magic Dart Confirm wit' . or Enter, or press ? or * ta list all spells.
Aimin': Magic Dart
Press: ? - help, Shift-Dir - straight line, f/p - phantom
Aim: a phantom (severely damaged) Tha magic dart hits tha phantom.
Tha phantom be almost destroyed.
Tha phantom hits ye.
* * * LOW HITPOINT WARNIN'
* * * Castin': Magic Dart Confirm wit' . or Enter, or press ? or * ta list all spells.
Aimin': Magic Dart
Press: ? - help, Shift-Dir - straight line, f/p - phantom
Aim: a phantom (almost destroyed) Tha magic dart hits tha phantom.
Tha phantom be almost destroyed.
Tha phantom hits ye!
Ye die...

.............##.#.##.# #.#.
#######.####.##.#.##.# #g##
#.# #.##.#.##g# #.##
#######.## #....#.##.# #g##
..>......###.####.##.# #.##
#######....)......##.# #.##
#.....#.#######.## #.##
#.....#.######...########.##
#..........@W........g....#
#.....#.######...#####......
#.[>..#.# #....#### #......
### #######.####.......#
#..####
..##########...##.####..###..#
#............#.##.##..(..##..#
##############.##.##).#..##..#
#<##.##.#_#.##..#
#.##.##..#..##..#


You could see a phantom.

Vanquished Creatures
  The ghost of Joat the Stinger, an amateur DsVM (D:4)
  A scorpion (D:4)
  An orc wizard (D:4)
  Jessica (D:3)
  A hound skeleton (D:4)
  Robin (D:3)
  7 adders
  2 oozes
  3 worms
  A dart slug (D:2)
  3 giant geckos
  8 orcs
  6 bats
  7 giant cockroaches
  15 goblins
  9 hobgoblins
  5 jackals
  A quokka (D:4)
  3 giant newts
  3 kobolds
  A quokka skeleton (D:4)
  6 rats
86 creatures vanquished.

Notes
Turn   | Place    | Note
--------------------------------------------------------------
     0 | D:1      | Heedrag the Deep Elf Conjurer began the quest for the Orb.
     0 | D:1      | Reached XP level 1. HP: 10/10 MP: 6/6
   219 | D:1      | Reached skill level 4 in Spellcasting
   219 | D:1      | Reached XP level 2. HP: 15/15 MP: 2/9
   914 | D:2      | Reached XP level 3. HP: 19/19 MP: 8/11
   919 | D:2      | Learned a level 3 spell: Dazzling Spray
   928 | D:2      | Reached skill level 5 in Spellcasting
  1273 | D:2      | Found a blossoming altar of Fedhas.
  1486 | D:2      | Reached XP level 4. HP: 11/24 MP: 6/13
  1493 | D:2      | Learned a level 4 spell: Iskenderun's Mystic Blast
  1608 | D:2      | Reached skill level 6 in Spellcasting
  1771 | D:3      | Found a faded altar to an unknown god.
  1860 | D:3      | Found an opulent altar of Gozag.
  1911 | D:3      | Noticed Robin
  1934 | D:3      | Killed Robin
  1937 | D:3      | Noticed a phantom
  2051 | D:3      | Noticed Jessica
  2057 | D:3      | Killed Jessica
  2057 | D:3      | Reached skill level 7 in Spellcasting
  2057 | D:3      | Reached XP level 5. HP: 21/28 MP: 8/16
  2245 | D:3      | Found a sparkling altar of Nemelex Xobeh.
  2358 | D:3      | Noticed Terence
  2711 | D:3      | Found a stormy altar of Qazlal.
  2870 | D:4      | Found Ilumup's Gadget Emporium.
  2872 | D:4      | Noticed an ogre
  2957 | D:4      | Noticed Joat's ghost (amateur DsVM)
  2961 | D:4      | Killed Joat's ghost
  2961 | D:4      | Reached skill level 5 in Conjurations
  3010 | D:4      | Reached XP level 6. HP: 32/32 MP: 11/18
  3018 | D:4      | Learned a level 5 spell: Iskenderun's Battlesphere
  3118 | D:4      | Found Imocleeg's Jewellery Shoppe.
  3239 | D:4      | Found an ancient bone altar of Kikubaaqudgha.
  3361 | D:4      | Reached skill level 8 in Spellcasting
  3365 | D:4      | Found Kaulifau's Assorted Antiques.
  3412 | D:4      | Noticed Pikel
  3412 | D:4      | Noticed a slave
  3412 | D:4      | Noticed a slave
  3613 | D:3      | Slain by a phantom

Skill      XL: |  1  2  3  4  5  6 |
---------------+-------------------+-----
Spellcasting   | 4 5 7 8 |  8.1
Conjurations   | 5 |  5.8
Dodging        | |  2.4
Stealth        | |  2.4

Action                   |  1- 3 |  4- 6 || total
-------------------------+-------+-------++-------
Melee: Dagger            |     2 |     1 ||     3
 Cast: Magic Dart        |    76 |   162 ||   238
       Dazzling Spray    |       |    21 ||    21
  Use: Potion            |     2 |       ||     2
       Scroll            |       |     2 ||     2
 Stab: Sleeping          |     1 |       ||     1
  Eat: Chunk             |     2 |     5 ||     7
Armor: Robe              |     3 |     5 ||     8
Dodge: Dodged            |    12 |    30 ||    42
